 Dungeon Crawl Stone Soup version 0.23.1 (webtiles) character file.

Game seed: 16045763726004725721

403 ohad the Changer (level 6, -5/45 HPs)
             Began as an Octopode Transmuter on Mar 18, 2019.
             Slain by an ogre
             ... wielding a +0 giant spiked club
              (24 damage)
             ... on level 5 of the Dungeon.
             The game lasted 00:10:06 (3868 turns).

ohad the Changer (Octopode Transmuter)              Turns: 3868, Time: 00:10:07

Health: -5/45      AC:  6    Str:  9    XL:     6   Next: 86%
Magic:  2/10       EV: 10    Int: 17    God:
Gold:   189        SH:  0    Dex: 13    Spells: 0/10 levels left

rFire    x . .     SeeInvis .     - Unarmed
rCold    + + +     Gourm    .   (shield currently unavailable)
rNeg     . . .     Faith    .   (helmet currently unavailable)
rPois    +         Spirit   .   (no amulet)
rElec    .         Reflect  .   r - ring of stealth
rCorr    .         Harm     .   (no ring)
MR       .....                  (no ring)
Stlth    +++.......             (no ring)
HPRegen  0.15/turn              (no ring)
MPRegen  0.12/turn              (no ring)
                                (no ring)
                                (no ring)

@: ice-form, very slightly contaminated
A: large, almost no armour, stealthy swim, amphibious, 8 rings, (constrict 8)
a: End Transformation


You were on level 5 of the Dungeon.
You were not hungry.
You were a creature of crystalline ice.
You visited 1 branch of the dungeon, and saw 5 of its levels.

You collected 189 gold pieces.

Inventory:

Missiles
 a - 44 arrows
 q - 20 poisoned needles
Jewellery
 r - a ring of stealth (left front paw)
 t - an uncursed ring of stealth
Scrolls
 b - 2 scrolls of blinking {unknown}
 d - a scroll of fog {unknown}
 g - 2 scrolls of fear {unknown}
 i - a scroll of noise {unknown}
 j - 2 scrolls of amnesia {unknown}
 m - a scroll of enchant weapon {unknown}
 o - a scroll of immolation {unknown}
 p - a scroll of teleportation {unknown}
 s - a scroll of enchant armour {unknown}
Potions
 e - a potion of flight
 f - 3 potions of agility {unknown}
 h - 4 potions of curing
 k - a potion of heal wounds
 l - 3 potions of brilliance
 n - a potion of mutation {unknown}
Comestibles
 c - 5 rations


   Skills:
 - Level 1.0 Fighting
 - Level 2.0 Dodging
 - Level 2.0 Stealth
 - Level 3.0 Unarmed Combat
 - Level 2.9 Spellcasting
 - Level 5.5 Transmutations
 + Level 2.9 Ice Magic


You couldn't memorise any spells.
You knew the following spells:

 Your Spells              Type           Power        Failure   Level  Hunger
a - Beastly Appendage     Tmut           ###...       1%          1    #......
b - Sticks to Snakes      Tmut           ###.....     2%          2    ##.....
c - Spider Form           Tmut/Pois      ##........   17%         3    ###....
d - Ice Form              Ice/Tmut       ###.....     30%         4    #####..

Your spell library contained the following spells:

 Spells                   Type           Power        Failure   Level  Hunger
 Confusing Touch          Hex            #.....       19%         1    #......
 Blade Hands              Tmut           ###.......   45%         5    ######.
 Confuse                  Hex            #.......     47%         3    ###....
 Gell's Gravitas          Tloc           #.........   47%         3    ###....
 Petrify                  Tmut/Erth      ##......     50%         4    #####..
 Yara's Violent Unravell  Hex/Tmut       ##........   83%         5    ######.
 Metabolic Englaciation   Hex/Ice        #.........   95%         5    ######.


Dungeon Overview and Level Annotations

Branches:
Dungeon (5/15)
 Temple: D:4-7

Altars:
Dithmenos
Fedhas


Innate Abilities, Weirdness & Mutations

You cannot wear most types of armour.
You are very stealthy in the water. (Stealth+)
You are amphibious.
You can wear up to eight rings at the same time.
((You can use your tentacles to constrict eight enemies at once.))
((Your skin changes colour to match your surroundings (Stealth+).))
((Your rubbery body absorbs attacks. (AC +1, EV +1)))


Message History

You tentacle-slap the giant cockroach but do no damage.
The giant cockroach is heavily wounded.
You constrict the giant cockroach.
You kill the giant cockroach!
You closely miss the ogre.
You eat one of the 6 rations.
That ration really hit the spot!
The ogre barely misses you.
Casting: Spider Form (safe; 17% risk of failure)
Confirm with . or Enter, or press ? or * to list all spells.
You miscast Ice Form.
You are very lightly contaminated with residual magic.
Multicoloured lights dance before your eyes!
The ogre hits you with a +0 giant spiked club!!
Ouch! That really hurt!
Casting: Ice Form (quite dangerous; 30% risk of failure)
Confirm with . or Enter, or press ? or * to list all spells.
You turn into a creature of crystalline ice.
The ogre hits you with a +0 giant spiked club!!
Ouch! That really hurt!
You die...

##### #.Y.#
###.#O# #
#...#...###
#.#####...#
#..<#...#.#
###.#.# # #
###...#
#....##
#.####


You could see an ogre.

Vanquished Creatures
  Sigmund (D:2)
  A phantom (D:4)
  An orc wizard (D:4)
  A worker ant (D:2)
  6 adders
  2 oozes
  An adder skeleton (D:5)
  A dart slug (D:2)
  2 leopard geckos
  7 orcs
  3 bats
  5 giant cockroaches
  6 hobgoblins
  4 kobolds
  2 quokkas
  5 frilled lizards
  9 goblins
  A jackal zombie (D:5)
  7 rats
65 creatures vanquished.

Notes
Turn   | Place    | Note
-------+----------+-------------------------------------------
     0 | D:1      | ohad the Octopode Transmuter began the quest for the Orb.
     0 | D:1      | Reached XP level 1. HP: 13/13 MP: 3/3
   313 | D:1      | Reached skill level 1 in Stealth
   313 | D:1      | Reached XP level 2. HP: 11/18 MP: 3/5
   604 | D:1      | Learned a level 2 spell: Sticks to Snakes
   934 | D:1      | Reached XP level 3. HP: 21/23 MP: 6/6
  1112 | D:2      | Reached skill level 3 in Transmutations
  1125 | D:2      | Learned a level 3 spell: Spider Form
  1620 | D:2      | Found a shadowy altar of Dithmenos.
  1805 | D:2      | Reached skill level 4 in Transmutations
  1805 | D:2      | Reached XP level 4. HP: 23/28 MP: 1/7
  1905 | D:2      | Noticed Sigmund
  1923 | D:2      | Killed Sigmund
  1923 | D:2      | Reached skill level 5 in Transmutations
  1923 | D:2      | Reached XP level 5. HP: 22/33 MP: 1/8
  2303 | D:3      | Reached XP level 6. HP: 38/38 MP: 9/9
  2654 | D:3      | Learned a level 4 spell: Ice Form
  2955 | D:4      | Noticed a phantom
  3185 | D:4      | Found a blossoming altar of Fedhas.
  3267 | D:4      | Reached skill level 1 in Ice Magic
  3537 | D:4      | Killed a phantom
  3841 | D:5      | Entered Level 5 of the Dungeon
  3868 | D:5      | Slain by an ogre

Skill      XL: |  1  2  3  4  5  6 |
---------------+-------------------+-----
Stealth        | 1 2 |  2.0
Transmutations | 4 5 |  5.5
Ice Magic      | 2 |  2.9
Fighting       | |  1.0
Dodging        | |  2.0
Unarmed Combat | |  3.0
Spellcasting   | |  2.9

Action                   |  1- 3 |  4- 6 || total
-------------------------+-------+-------++-------
Melee: Unarmed           |    79 |   106 ||   185
       Constrict         |    22 |    11 ||    33
       Kick              |     4 |     8 ||    12
       Tentacles         |     8 |     6 ||    14
       Punch             |     1 |     1 ||     2
 Cast: Beastly Appendage |     6 |     8 ||    14
       Spider Form       |     1 |     6 ||     7
       Sticks to Snakes  |       |     5 ||     5
       Ice Form          |       |     2 ||     2
  Use: Scroll            |       |     4 ||     4
 Stab: Sleeping          |     9 |     6 ||    15
  Eat: Chunk             |     3 |     6 ||     9
       Ration            |       |     1 ||     1
Armor: Skin              |     4 |     9 ||    13
Dodge: Dodged            |    33 |    63 ||    96
